 Dungeon Crawl Stone Soup version 0.25-a0-426-g7d9e569eea (webtiles) character file.

Game seed: 4233068460773700082, levelgen mode: deterministic

3943 kae the Martial Artist (level 10, -5/52 HPs)
             Began as a Tengu Transmuter on Jan 24, 2020.
             Was a Follower of Uskayaw.
             Slain by a sky beast (6 damage)
             ... on level 8 of the Dungeon.
             The game lasted 00:14:35 (12317 turns).

kae the Martial Artist (Tengu Transmuter)          Turns: 12317, Time: 00:14:36

Health: -5/52      AC:  4    Str: 10    XL:     10   Next: 21%
Magic:  14/14      EV: 12    Int: 15    God:    Uskayaw [*.....]
Gold:   366        SH:  0    Dex: 17    Spells: 2/13 levels left

rFire    . . .     SeeInvis .     - Unarmed
rCold    . . .     Gourm    .   (no shield)
rNeg     . . .     Faith    .   h - +1 leather armour (curse)
rPois    .         Spirit   .   (helmet restricted)
rElec    .         Reflect  .   (no cloak)
rCorr    +         Harm     .   (no gloves)
MR       .....                  (boots unavailable)
Stlth    +.........             (no amulet)
HPRegen  0.17/turn              k - ring of resist corrosion
MPRegen  0.14/turn              (no ring)

@: hasted, very quick
A: beak, talons 3, able to fly
a: Fly, Stomp, Renounce Religion


You were on level 8 of the Dungeon.
You worshipped Uskayaw.
Uskayaw was noncommittal.
You were not hungry.

You visited 2 branches of the dungeon, and saw 9 of its levels.

You collected 366 gold pieces.

Inventory:

Missiles
 a - 120 arrows
Armour
 h - a cursed +1 leather armour (worn)
 j - a +0 robe
Jewellery
 k - a ring of resist corrosion (left hand)
 m - an uncursed ring of ice
Wands
 b - a wand of clouds (3)
Scrolls
 i - a scroll of fog
 n - 3 scrolls of remove curse
 o - a scroll of amnesia
Potions
 c - a potion of cancellation {unknown}
 e - a potion of haste
 f - a potion of invisibility
 g - a potion of flight
 p - a potion of magic {unknown}
 q - 2 potions of ambrosia {unknown}
Comestibles
 d - 11 rations
 l - a chunk of flesh


   Skills:
 + Level 1.0 Fighting
 + Level 0.0 Armour
 + Level 2.2 Dodging
 - Level 13.0 Unarmed Combat
 - Level 2.0 Spellcasting
 - Level 7.0 Transmutations


You had 2 spell levels left.
You knew the following spells:

 Your Spells              Type           Power        Failure   Level  Hunger
a - Beastly Appendage     Tmut           ###...       1%          1    #......
b - Sticks to Snakes      Tmut           ###.....     2%          2    ###....
c - Spider Form           Tmut/Pois      ##........   22%         3    ###....
d - Blade Hands           Tmut           ###.......   43%         5    ######.

Your spell library contained the following spells:

 Spells                   Type           Power        Failure   Level  Hunger
 Ice Form                 Ice/Tmut       ##......     56%         4    #####..


Dungeon Overview and Level Annotations

Branches:
Dungeon (8/15)             Temple (1/1) D:5
   Lair: D:8-11

Altars:
Ashenzari
Cheibriados
Elyvilon
Gozag
Hepliaklqana
Kikubaaqudgha
Makhleb
Okawaru
Ru
Sif Muna
Trog
Uskayaw
Vehumet
Wu Jian
Xom
Yredelemnul
The Shining One

Shops:
D:4 %

Annotations:
D:4 2 transporters, kae's ghost, amateur DrAE
D:5 exclusion: sky beast
D:7 Joseph


Innate Abilities, Weirdness & Mutations

You have a beak for a mouth.
You have claws for feet.
You can fly continuously.


Message History

You miss something. Something hits you but does no damage.
The gnoll barely misses you.
You barely miss something. You claw something.
Something hits you but does no damage. The gnoll closely misses you.
Something hits you. Something shocks you.
* * * LOW HITPOINT WARNING * * *
You can no longer pass through a line of other dancers.
A sky beast appears from thin air!
Reactivating autopickup.
There is a stone staircase leading down here.
You hit the sky beast but do no damage.
The sky beast is almost dead.
The sky beast hits you.
* * * LOW HITPOINT WARNING * * *
The sky beast shocks you.
* * * LOW HITPOINT WARNING * * *
You feel yourself speed up. The sky beast hits you.
* * * LOW HITPOINT WARNING * * *
The sky beast shocks you.
You die...

.# #....#..##.......# .#
#....#...........# .#
#<...+...........#
.######..(.##+##..######
.#.........# #..#### .#.........#
#.....# +..... .#......(..#
#.....# #..... <#.........#
#....## #..... .'.....#####
#@...# #.....
.#.....#..######Yg..########.....
.#.....#............#......#.....
##.....#........n...#......+.....
#.....#########o##+##..##'#.....
#.......... ###o##.##..#.†.....#
#.......... #.(.g.n....#.......#
...........#.......oo.+.......#
...Y.##########g#.......#


You could see a sky beast, a necrophage, 2 gnolls and 2 orcs.

Vanquished Creatures
  Harold (D:7)
  A hippogriff (D:7)
  A spriggan (D:8)
  Sigmund (D:5)
  A hungry ghost (D:8)
  Duvessa (D:5)
  A phantom (D:7)
  An ice beast (D:6)
  2 ogres
  A necrophage (D:6)
  2 sky beasts
  A centaur (D:5)
  Blork the orc (D:5)
  A crocodile (D:8)
  4 bullfrogs
  Dowan (D:5)
  2 scorpions
  A killer bee (D:6)
  5 wights (D:7)
  A howler monkey (D:5)
  2 crimson imps (D:8)
  A hound (D:8)
  A jelly (D:8)
  2 orc priests
  5 orc wizards
  2 centaur skeletons (D:7)
  2 bullfrog skeletons (D:7)
  2 iguanas
  5 worker ants
  2 hound skeletons
  A worker ant zombie (D:8)
  Robin (D:2)
  7 gnolls
  12 adders
  2 worms (D:3)
  5 dart slugs
  8 leopard geckos
  16 orcs
  3 ball pythons
  10 bats
  11 giant cockroaches
  17 goblins
  9 hobgoblins
  A jackal (D:6)
  8 kobolds
  6 quokkas
  8 frilled lizards
  2 leopard gecko skeletons
  A leopard gecko zombie (D:5)
  10 rats
192 creatures vanquished.

Vanquished Creatures (others)
  An orc wizard (D:4)
1 creature vanquished.

Grand Total: 193 creatures vanquished

Notes
Turn   | Place    | Note
-------+----------+-------------------------------------------
     0 | D:1      | kae the Tengu Transmuter began the quest for the Orb.
     0 | D:1      | Reached XP level 1. HP: 12/12 MP: 4/4
   342 | D:1      | Reached XP level 2. HP: 16/16 MP: 4/6
   396 | D:1      | Reached skill level 4 in Unarmed Combat
   549 | D:1      | Reached XP level 3. HP: 8/20 MP: 5/7
  1261 | D:2      | Found a hazy altar of Hepliaklqana.
  1286 | D:2      | Reached XP level 4. HP: 13/25 MP: 6/8
  1562 | D:2      | Found a snail-covered altar of Cheibriados.
  1711 | D:2      | Noticed Robin
  1988 | D:2      | Reached skill level 5 in Unarmed Combat
  2719 | D:3      | Gained mutation: You can fly continuously. [Tengu growth]
  2719 | D:3      | Reached XP level 5. HP: 18/29 MP: 7/9
  2969 | D:2      | Found a snail-covered altar of Cheibriados.
  3059 | D:2      | Killed Robin
  3302 | D:2      | Found a hazy altar of Hepliaklqana.
  4221 | D:3      | Found a faded altar of an unknown god.
  4275 | D:3      | Reached skill level 6 in Unarmed Combat
  4489 | D:3      | Reached XP level 6. HP: 34/34 MP: 10/10
  4897 | D:3      | Learned a level 2 spell: Sticks to Snakes
  4901 | D:3      | Learned a level 3 spell: Spider Form
  5325 | D:4      | Found a transporter.
  5524 | D:4      | Found Othar's Food Shoppe.
  5663 | D:4      | Found a transporter.
  5663 | D:4      | Noticed kae's ghost (amateur DrAE)
  6056 | D:4      | Reached skill level 7 in Unarmed Combat
  6214 | D:4      | Reached XP level 7. HP: 35/38 MP: 4/11
  6428 | D:5      | Entered Level 5 of the Dungeon
  6819 | D:5      | Noticed Sigmund
  6834 | D:5      | Noticed Dowan
  6834 | D:5      | Noticed Duvessa
  6844 | D:5      | Killed Duvessa
  6844 | D:5      | Reached skill level 8 in Unarmed Combat
  6849 | D:5      | Killed Dowan
  7204 | D:5      | Found a staircase to the Ecumenical Temple.
  7281 | Temple   | Entered the Ecumenical Temple
  7409 | Temple   | Became a worshipper of Uskayaw the Reveler
  7632 | D:5      | Noticed Blork the orc
  7882 | D:5      | Reached XP level 8. HP: 36/43 MP: 5/12
  7882 | D:5      | Reached * piety under Uskayaw
  7917 | D:5      | Reached ** piety under Uskayaw
  7920 | D:5      | Killed Sigmund
  7920 | D:5      | Reached skill level 9 in Unarmed Combat
  8170 | D:5      | Killed Blork the orc
  8527 | D:6      | Found a shattered altar of Ashenzari.
  8527 | D:6      | Found a radiant altar of Vehumet.
  8532 | D:6      | Found an iron altar of Okawaru.
  8603 | D:6      | Reached *** piety under Uskayaw
  8604 | D:6      | Reached skill level 5 in Transmutations
  9088 | D:6      | HP: 1/43 [ice beast (9)]
  9096 | D:6      | Reached skill level 10 in Unarmed Combat
  9303 | D:6      | Reached XP level 9. HP: 36/47 MP: 10/13
  9584 | D:7      | Noticed Joseph
  9587 | D:7      | Noticed Harold
  9752 | D:7      | Learned a level 5 spell: Blade Hands
 10167 | D:7      | Killed Harold
 10167 | D:7      | Reached skill level 11 in Unarmed Combat
 10860 | D:7      | Reached skill level 12 in Unarmed Combat
 11240 | D:7      | Reached **** piety under Uskayaw
 11741 | D:7      | Reached XP level 10. HP: 46/52 MP: 14/14
 11753 | D:7      | Found a shimmering blue altar of Sif Muna.
 12240 | D:8      | Reached ***** piety under Uskayaw
 12256 | D:8      | Reached skill level 13 in Unarmed Combat
 12317 | D:8      | HP: 1/52 [sky beast (3)]
 12317 | D:8      | Slain by a sky beast

Levels and vault maps discovered:
D:1:      tarquinn_simple_flora_water_e, layout_rooms
D:2:      layout_basic, kennysheep_slug_shrine, old_standard_altar,
          minmay_misc_feat_secret_circle, kennysheep_nub, minmay_unequal,
          uniq_robin
D:3:      layout_basic, chequers_ecumenical_altar_twisty, first_ration
D:4:      layout_gridville, serial_shops, kennysheep_mini_moat,
          gammafunk_ghost_mausoleum
D:5:      layout_loops_corners, temple_fountains, uniq_sigmund,
          uniq_blork_the_orc, uniq_duvessa
D:6:      minmay_razor_zed, layout_gridville, minitemple, serial_rivers,
          chequers_serial_rivers_small_b, chequers_serial_rivers_large_a,
          chequers_serial_rivers_room_a, chequers_serial_rivers_micro_c,
          supply_closet_lemuel
D:7:      layout_loops_ring, marbit_many_paths, uniq_harold, uniq_joseph
D:8:      layout_gridville, grunt_pizzeria, solitary_fountain
Temple:   hc_temple_tempest_star

Skill      XL: |  1  2  3  4  5  6  7  8  9 10 |
---------------+-------------------------------+-----
Unarmed Combat | 4 5 6 7 8 10 12 13 | 13.0
Transmutations | 2 3 4 5 6 7 |  7.0
Fighting       | |  1.0
Dodging        | |  2.2
Spellcasting   | |  2.0

Action                   |  1- 3 |  4- 6 |  7- 9 | 10-12 || total
-------------------------+-------+-------+-------+-------++-------
Melee: Unarmed           |    77 |   210 |   196 |    50 ||   533
       Kick              |    14 |    49 |    39 |     8 ||   110
       Peck              |     9 |    22 |    24 |     9 ||    64
       Headbutt          |     3 |    20 |    14 |       ||    37
       Punch             |     3 |     3 |     8 |     3 ||    17
 Cast: Beastly Appendage |    22 |    42 |    14 |     2 ||    80
       Sticks to Snakes  |       |     1 |     7 |       ||     8
       Spider Form       |       |       |     8 |       ||     8
Invok: Stomp             |       |       |     1 |       ||     1
  Use: Scroll            |     1 |     9 |     6 |       ||    16
       Potion            |       |     1 |     7 |     1 ||     9
 Stab: Sleeping          |     2 |     2 |       |       ||     4
       Paralysed         |       |       |     6 |     1 ||     7
  Eat: Chunk             |     1 |    17 |    14 |     3 ||    35
       Ration            |       |       |     2 |     1 ||     3
Armor: Robe              |     9 |     4 |       |       ||    13
       Leather armour    |       |    40 |    28 |    10 ||    78
       Skin              |       |       |     1 |       ||     1
Dodge: Dodged            |    40 |   146 |   123 |    18 ||   327

Table legend:
 A = Non-vault XP
 B = Vault XP
 C = Vault XP percentage of total XP
 D = Non-vault monster count
 E = Vault monster count
 F = Vault count percentage of total count
                 A         B        C        D         E       F
            +---------+---------+-------+---------+---------+-------
      Total |    3236 |    2397 |  42.6 |     161 |      30 |  15.7
            +---------+---------+-------+---------+---------+-------
        D:1 |      69 |       2 |   2.8 |      29 |       1 |   3.3
        D:2 |      69 |      53 |  43.4 |      27 |      14 |  34.1
        D:3 |     195 |       0 |   0.0 |      29 |       0 |   0.0
        D:4 |     265 |       0 |   0.0 |      18 |       0 |   0.0
        D:5 |     386 |     523 |  57.5 |      12 |       4 |  25.0
        D:6 |     308 |     550 |  64.1 |       7 |       8 |  53.3
        D:7 |    1275 |    1054 |  45.3 |      25 |       2 |   7.4
        D:8 |     669 |     215 |  24.3 |      14 |       1 |   6.7
            +---------+---------+-------+---------+---------+-------
